 Dungeon Crawl Stone Soup version 0.23-a0-607-g760965b (webtiles) character file.

2973 MisterFreud the Agent of Entropy (level 9, 0/81 HPs)
             Began as a Hill Orc Abyssal Knight on Dec 20, 2018.
             Was a Priest of Lugonu.
             Succumbed to a killer bee's poison
             ... on level 8 of the Dungeon.
             The game lasted 00:20:58 (9040 turns).

MisterFreud the Agent of Entropy (HOAK)             Turns: 9040, Time: 00:20:59

Health: 0/81       AC: 17    Str: 20    XL:     9   Next: 82%
Magic:  16/16      EV: 10    Int: 12    God:    Lugonu [***...]
Gold:   139        SH:  0    Dex: 10    Spells: 8/8 levels left

rFire    . . .     SeeInvis +   a - +1 falchion
rCold    . . .     Gourm    .   (no shield)
rNeg     . . .     Faith    .   r - +0 ring mail
rPois    .         Spirit   .   t - +2 helmet {SInv}
rElec    .         Reflect  .   D - +2 cloak
rCorr    .         Harm     .   I - +2 pair of gloves
MR       +....                  G - +0 pair of boots
Stlth    ..........             (no amulet)
HPRegen  0.23/turn              p - +2 ring of strength
MPRegen  0.15/turn              C - ring of protection from magic

@: confused, lethally poisoned (0 -> -54), invisible
A: no striking features
a: Depart the Abyss, Bend Space, Banish, Renounce Religion


You were on level 8 of the Dungeon.
You worshipped Lugonu.
Lugonu was most pleased with you.
You were hungry.

You visited 1 branch of the dungeon, and saw 8 of its levels.
You visited the Abyss 1 time.

You collected 471 gold pieces.
You spent 332 gold pieces at shops.

Inventory:

Hand Weapons
 a - a +1 falchion (weapon)
 b - a +0 hunting sling of flaming
 E - a +2 short sword of flaming
 H - a +1 quarterstaff of protection
Missiles
 d - 7 needles of paralysis
 e - 182 stones (quivered)
 k - 102 arrows
 l - 20 sling bullets
 u - 6 curare-tipped needles
 v - 27 poisoned needles
 F - 7 tomahawks
 J - 15 bolts
Armour
 q - a +0 shield
 r - a +0 ring mail (worn)
 t - a +2 helmet of see invisible (worn)
 D - a +2 cloak (worn)
 G - a +0 pair of boots (worn)
 I - a +2 pair of gloves (worn)
Jewellery
 p - a +2 ring of strength (left hand)
 C - a ring of protection from magic (right hand)
 K - an uncursed ring of ice
Scrolls
 f - a scroll of fog
 m - 3 scrolls of magic mapping
 o - 3 scrolls of remove curse
 s - a scroll of blinking
 y - 2 scrolls of fear
 z - 9 scrolls of teleportation
 A - 3 scrolls of identify
Potions
 g - a potion of invisibility
 h - 3 potions of brilliance
 i - 2 potions of flight
 j - 2 potions of haste
 n - 2 potions of lignification
 B - 2 potions of berserk rage
Comestibles
 c - 13 rations


   Skills:
 - Level 8.0 Fighting
 - Level 2.1 Long Blades
 - Level 6.0 Armour
 - Level 0.7 Dodging
 + Level 8.1 Shields
 - Level 10.2 Invocations


You had 8 spell levels left.
You didn't know any spells.
Your spell library contained the following spells:

 Spells                   Type           Power        Failure   Level  Hunger
 Animate Skeleton         Necr           N/A          45%         1    ##.....
 Pain                     Necr           #...         45%         1    ##.....
 Shock                    Conj/Air       #...         45%         1    ##.....
 Swiftness                Chrm/Air       #.......     61%         2    ###....
 Gell's Gravitas          Tloc           #.........   83%         3    ####...
 Regeneration             Chrm/Necr      #.........   83%         3    ####...
 Static Discharge         Conj/Air       #.......     83%         3    ####...
 Vampiric Draining        Necr           #.........   83%         3    ####...
 Airstrike                Air            #.........   99%         4    #####..
 Animate Dead             Necr           N/A          99%         4    #####..
 Lightning Bolt           Conj/Air       #.........   100%        5    ######.
 Conjure Ball Lightning   Conj/Air       #.........   100%        6    #######
 Dispersal                Tloc           #.........   100%        6    #######


Dungeon Overview and Level Annotations

Branches:
Dungeon (8/15)             Temple (0/1) D:7
   Lair: D:8-11

Altars:
Ashenzari
Cheibriados
Dithmenos
Elyvilon
Gozag
Hepliaklqana
Kikubaaqudgha
Okawaru
Ru
Trog
Wu Jian
Zin

Shops:
D:5 ?   D:7 [   D:8 =

Annotations:
D:4 3 runed doors, Duffy's ghost, weakling NaWz


Message History

You're too confused!
Unknown command.
Unknown command.
You hit the killer bee but do no damage.
* * * LOW HITPOINT WARNING * * *
You feel very sick. The killer bee stings you.
* * * LOW HITPOINT WARNING * * *
You are more poisoned.
The killer bee poisons you! The killer bee stings you.
* * * LOW HITPOINT WARNING * * *
You are more poisoned.
The killer bee poisons you! The killer bee barely misses you.
The killer bee stings you but does no damage. x2
The killer bee barely misses you.
Okay, then.
Unknown command.
Unknown command.
You fade into invisibility!
You die...

####..####.....#
#..#..###.......
#...............
##.............#
###...........#
##.[...........#
##...............
##y........###..#>
#@yy..#.........##
##ys..#....... .#
##Z..........
#............#
#...........#
....#....... .....
#...... #.....#
.....# ......
...###


You could see a scorpion, 4 killer bees and a bullfrog skeleton.

Vanquished Creatures
  Maurice (D:8)
  Sigmund (D:2)
  A hungry ghost (D:8)
  2 ice beasts
  An orc warrior (D:8)
  A phantom (D:6)
  4 centaurs
  An ogre (D:7)
  A bullfrog (D:8)
  A scorpion (D:7)
  A killer bee (D:8)
  2 howler monkeys
  2 crimson imps
  2 centaur zombies
  A jelly (D:7)
  3 hounds
  A centaur skeleton (D:5)
  7 orc wizards
  5 orc priests
  2 iguanas
  8 worker ants
  A hound skeleton (D:4)
  3 gnolls (D:5)
  9 adders
  2 shadow imps (D:6)
  2 oozes
  3 worms
  2 dart slugs
  4 leopard geckos
  20 orcs
  3 bats
  6 giant cockroaches
  5 goblins
  6 hobgoblins
  14 jackals
  11 kobolds
  2 quokkas
  9 frilled lizards
  A leopard gecko skeleton (D:6)
  10 rats
161 creatures vanquished.

Vanquished Creatures (others)
  A hippogriff (D:7)
  2 scorpions (D:5)
  An orc wizard (D:8)
  A quokka (D:3)
  A rat (D:3)
6 creatures vanquished.

Grand Total: 167 creatures vanquished

Notes
Turn   | Place    | Note
-------+----------+-------------------------------------------
     0 | Abyss:1  | MisterFreud the Hill Orc Abyssal Knight began the quest for
                  | the Orb.
     0 | Abyss:1  | Reached XP level 1. HP: 19/19 MP: 2/2
    60 | Abyss:1  | Noticed a large abomination
    62 | D:1      | Escaped the Abyss
   195 | D:1      | Reached XP level 2. HP: 26/27 MP: 3/3
   261 | D:1      | Reached * piety under Lugonu
   691 | D:2      | Reached skill level 5 in Fighting
   691 | D:2      | Reached XP level 3. HP: 22/36 MP: 4/4
   737 | D:2      | Found a snail-covered altar of Cheibriados.
   762 | D:2      | Reached XP level 4. HP: 29/44 MP: 5/5
   780 | D:2      | Noticed Sigmund
  1192 | D:2      | Found a shattered altar of Ashenzari.
  1348 | D:2      | Killed Sigmund
  1348 | D:2      | Reached XP level 5. HP: 39/53 MP: 6/6
  1348 | D:2      | Reached XP level 6. HP: 45/61 MP: 7/7
  1589 | D:2      | Found a glowing silver altar of Zin.
  1657 | D:2      | Reached ** piety under Lugonu
  1747 | D:2      | Reached skill level 3 in Invocations
  1928 | D:3      | Found a white marble altar of Elyvilon.
  1977 | D:3      | Found a shadowy altar of Dithmenos.
  2315 | D:3      | Reached skill level 4 in Invocations
  2858 | D:4      | Reached skill level 5 in Invocations
  2869 | D:4      | Reached XP level 7. HP: 26/68 MP: 9/11
  3281 | D:4      | Reached skill level 6 in Invocations
  3285 | D:4      | Found a runed gate.
  3417 | D:4      | Found a runed gate.
  3417 | D:4      | Found an opulent altar of Gozag.
  3418 | D:4      | Found a runed gate.
  3423 | D:4      | Noticed Duffy's ghost (weakling NaWz)
  3525 | D:4      | Found a bloodstained altar of Trog.
  3863 | D:5      | Entered Level 5 of the Dungeon
  3964 | D:4      | Reached skill level 7 in Invocations
  4146 | D:5      | Reached *** piety under Lugonu
  4394 | D:5      | Found a sacrificial altar of Ru.
  4404 | D:5      | Found an ancient bone altar of Kikubaaqudgha.
  4535 | D:5      | Found Joej's Magic Scroll Emporium.
  4561 | D:5      | Reached skill level 8 in Invocations
  4566 | D:5      | Bought a scroll of fear for 38 gold pieces
  4566 | D:5      | Bought a scroll of teleportation for 33 gold pieces
  4566 | D:5      | Bought a scroll of teleportation for 33 gold pieces
  4566 | D:5      | Bought a scroll of teleportation for 33 gold pieces
  4566 | D:5      | Bought 3 scrolls of teleportation for 99 gold pieces
  4566 | D:5      | Bought a scroll of fear for 38 gold pieces
  4799 | D:5      | Reached XP level 8. HP: 45/74 MP: 14/14
  4841 | D:5      | Reached skill level 9 in Invocations
  5190 | D:5      | Found an iron altar of Okawaru.
  5468 | D:6      | Identified Ylipahif's Volume of Quantum Flight
  5525 | D:6      | Reached skill level 10 in Invocations
  6482 | D:6      | Found an ornate altar of the Wu Jian Council.
  6784 | D:7      | Reached skill level 5 in Armour
  7107 | D:7      | Found Syudop's Armour Shoppe.
  7157 | D:7      | Bought a +0 pair of gloves for 58 gold pieces
  7254 | D:7      | Reached skill level 1 in Shields
  7254 | D:7      | Reached XP level 9. HP: 32/81 MP: 16/16
  7842 | D:7      | Found a staircase to the Ecumenical Temple.
  8000 | D:7      | Found a hazy altar of Hepliaklqana.
  8072 | D:7      | Reached skill level 5 in Shields
  8423 | D:8      | Found Suim's Jewellery Boutique.
  8524 | D:8      | Noticed Maurice
  8875 | D:8      | Killed Maurice
  9039 | D:8      | HP: 4/81 [killer bee (5)]
  9039 | D:8      | HP: 1/81 [killer bee (3)]
  9040 | D:8      | Succumbed to a killer bee's poison

Vault maps used:
D:1:      minmay_arrival_split_and_join, st_stairs_8, minmay_misc_feat_enclosed,
          minmay_heptomino_l4
D:2:      evilmike_ruin_ashenzari, lemuel_doored_altar, cheibriados_altar_1,
          uniq_sigmund
D:3:      grunt_dithmenos_smoke, corexii_item_surrounded_by_moat,
          elyvilon_altar_4
D:4:      lightli_temple_of_fire, first_ration, ebering_ghost_gozag
D:5:      lemuel_coloured_pillars_altar, nicolae_overflow_hidden_temple,
          kennysheep_little_box, serial_shops, nicolae_shop_stone
D:6:      kennysheep_mini_moat, hangedman_abyss_or_decor_jellyfish_corner,
          serial_bayou_ford_a
D:7:      nicolae_overflow_crystal_walls, minmay_temple_entry_grid,
          serial_glass, glass_columns_a, glass_columns_c, glass_columns_a,
          glass_columns_a, serial_shops, shop
D:8:      lair_entry_dummy, serial_shops, shop, uniq_maurice
Abyss:1:  evilmike_abyss_exit_vortex

Skill      XL: |  1  2  3  4  5  6  7  8  9 |
---------------+----------------------------+-----
Fighting       | 4 5 8 |  8.0
Invocations    | 5 8 10 | 10.2
Armour         | 6 |  6.0
Shields        | 1 8 |  8.1
Long Blades    | |  2.1
Dodging        | |  0.7

Action                   |  1- 3 |  4- 6 |  7- 9 || total
-------------------------+-------+-------+-------++-------
Melee: Falchion          |    50 |   220 |   626 ||   896
Invok: Depart the Abyss  |     1 |       |       ||     1
       Banish            |       |       |     4 ||     4
Evoke: Wand              |       |       |     5 ||     5
  Use: Scroll            |       |       |    15 ||    15
       Potion            |       |       |     7 ||     7
  Eat: Chunk             |       |     7 |    23 ||    30
Armor: Leather armour    |    12 |    73 |    16 ||   101
       Ring mail         |       |       |   321 ||   321
       Skin              |       |       |    91 ||    91
Dodge: Dodged            |    20 |   172 |   376 ||   568
       Rpst.: Falchion   |     5 |    52 |   108 ||   165

Table legend:
 A = Non-vault XP
 B = Vault XP
 C = Vault XP percentage of total XP
 D = Non-vault monster count
 E = Vault monster count
 F = Vault count percentage of total count
                 A         B        C        D         E       F
            +---------+---------+-------+---------+---------+-------
      Total |    3511 |     737 |  17.3 |     160 |       5 |   3.0
            +---------+---------+-------+---------+---------+-------
        D:1 |      24 |       3 |  11.1 |      13 |       3 |  18.8
        D:2 |     151 |     231 |  60.5 |      32 |       1 |   3.0
        D:3 |     143 |       0 |   0.0 |      30 |       0 |   0.0
        D:4 |     248 |       0 |   0.0 |      16 |       0 |   0.0
        D:5 |     558 |       0 |   0.0 |      17 |       0 |   0.0
        D:6 |     582 |       0 |   0.0 |      15 |       0 |   0.0
        D:7 |    1117 |       0 |   0.0 |      23 |       0 |   0.0
        D:8 |     688 |     503 |  42.2 |      14 |       1 |   6.7
            +---------+---------+-------+---------+---------+-------
